 Dungeon Crawl Stone Soup version 0.32-a0-32-g978bd804de (webtiles) character file.

Game seed: 14067301139851725069

151 senseless the Ruffian (level 5, 0/39 HPs)
             Began as a Djinni Shapeshifter on Jan 20, 2024.
             Slain by an orc
             ... wielding a +0 flail
              (6 damage)
             ... on level 3 of the Dungeon.
             The game lasted 00:05:01 (3203 turns).

senseless the Ruffian (Djinni Shapeshifter)         Turns: 3203, Time: 00:05:01

Health: 0/39       AC:  3    Str: 15    XL:     5   Next: 59%
Gold:   188        EV: 12    Int: 12    God:
                   SH:  0    Dex: 12

rFire   + +          .
                       - Unarmed
rCold   x . .        (no shield)
rNeg    . . .        m - +0 leather armour
rPois   ∞            (helmet currently unavailable)
rElec   .            (cloak currently unavailable)
rCorr   .            (gloves currently unavailable)
SInv    .            (boots unavailable)
Will    .....        (no amulet)
Stlth   +            (no ring)
HPRegen 0.26/turn    (no ring)
MPRegen 0.00/turn

%: infuse magic (-1 HP)
@: beast-form, flying
A: beast (slay +1), flying, sickness immunity, fire resistance 2, cold
vulnerability 1, float, innate caster, HP casting, extra vitality 1
a: Begin Untransformation


You were on level 3 of the Dungeon.
You were a hulking beast.
You visited 1 branch of the dungeon, and saw 4 of its levels.

You collected 188 gold pieces.

Inventory:

Hand Weapons
 s - a +1 dagger
Armour
 a - a +0 animal skin
 m - a +0 leather armour (worn)
Talismans
 c - a beast talisman
 d - a flux talisman
Potions
 b - 4 potions of lignification
 e - a potion of curing {unknown}
 f - 2 potions of heal wounds
 h - a potion of attraction
 i - a potion of invisibility
 j - 2 potions of mutation
 q - a potion of enlightenment


   Skills:
 + Level 2.5 Fighting
 + Level 3.4 Dodging
 + Level 3.9 Unarmed Combat
 + Level 3.3 Shapeshifting


You knew the following spells:

 Your Spells              Type           Power      Damage    Failure   Level
a - Magic Dart            Conj           0%         1d3       38%         1
b - Blink                 Tloc           0%         N/A       52%         2
Your spell library was empty.

Dungeon Overview and Level Annotations

Branches:
Dungeon (4/15)
 Temple: D:4-7

Altars:


Innate Abilities, Weirdness & Mutations

You are a hulking beast.
Your limbs bulge with bestial killing power. (Slay +1)
You are flying.
You are immune to sickness and miasma.
You are immune to poison.
Your flesh is very heat resistant. (rF++)
You are vulnerable to cold. (rC-)
You float through the air rather than walking.
You learn spells naturally, not from books.
Your magical power is your life essence.
You have superior vitality. (+4 MHP)


Message History

You are too injured to fight recklessly!
You are too injured to fight recklessly!
You are too injured to fight recklessly!
You barely miss the orc.
The orc is severely wounded.
The orc barely misses you. The orc hits you with a +0 flail.
* * * LOW HITPOINT WARNING * * *
You barely miss the orc. Your punch misses the orc.
The orc is severely wounded.
The orc closely misses you. x2
You hit the orc.
You kill the orc!
The orc hits you with a +0 flail.
* * * LOW HITPOINT WARNING * * *
You closely miss the orc. The orc hits you with a +0 flail.
* * * LOW HITPOINT WARNING * * *
You hit the orc but do no damage. You closely miss the orc.
The orc barely misses you.
You hit the orc.
The orc is moderately wounded.
The orc closely misses you.
You hit the orc but do no damage.
The orc is moderately wounded.
The orc barely misses you.
You hit the orc.
The orc is heavily wounded.
The orc barely misses you.
You barely miss the orc. You punch the orc, but do no damage.
The orc is heavily wounded.
The orc misses you.
You hit the orc.
The orc is severely wounded.
The orc misses you.
You hit the orc but do no damage. You punch the orc, but do no damage.
The orc is severely wounded.
The orc closely misses you.
You closely miss the orc.
The orc is severely wounded.
The orc hits you with a +0 flail.
You die...

##.#.## #.###..#.....#.##.# ###
#.#.#.# #...#..#.###.#.##.# #..
##.#.## ###.#..#.#...#.##.# #.#
#.###.# #.#.####.#...#.##.# #.# #
##.#.## #............#.##.###.#
###.#.#.###.#.#........#.##>..#.#
##..#.#.#.#.#.#.###.#..#.####.#.#
#.##.###.#.#.#####....#.# #.#..
#.##.# #.#.#.#)h......#.# #.##.
##.##.# #...#....o..#..#.####....
...##.#######...#####..#......###
#####.......#...#......).####.#..
................#.###.......#.#.#
########.#.##......##.##........#
..#.......)........##.....#.#.###
......##.#.........######<#.#.#..
#.#.#.##.#.#............#.#.#.#.#


You could see an orc.

Vanquished Creatures
  2 orc priests (D:3)
  2 adders
  2 dart slugs (D:1)
  9 orcs (D:3)
  3 bats
  7 endoplasms
  2 giant cockroaches
  7 goblins
  4 hobgoblins
  7 jackals
  6 ball pythons
  A frilled lizard (D:3)
  2 kobolds
  4 rats
58 creatures vanquished.

Notes
Turn   | Place    | Note
-------+----------+-------------------------------------------
     0 | D:1      | senseless the Djinni Shapeshifter began the quest for the
                  | Orb.
     0 | D:1      | Reached XP level 1. HP: 17/17 MP: 0/0
    52 | D:1      | Reached XP level 2. HP: 19/22 MP: 0/0
   286 | D:1      | Reached XP level 3. HP: 24/27 MP: 0/0
   286 | D:1      | Learned a level 1 spell: Magic Dart
   887 | D:1      | You are sucked into a shaft and drop 1 floor!
  1085 | D:2      | Reached XP level 4. HP: 22/33 MP: 0/0
  2473 | D:3      | Reached XP level 5. HP: 9/38 MP: 0/0
  2473 | D:3      | Learned a level 2 spell: Blink
  3203 | D:3      | Slain by an orc

Illustrated notes

Levels and vault maps discovered:
D:1:      dreamdust_arrival_beginning_and_end, layout_basic, minmay_pentomino_u4
D:2:      layout_loops_ring
D:3:      layout_basic, chequers_serial_rivers_micro_b, grunt_decor_one_mirror,
          roderic_roman_lattice
D:4:      layout_loops_ring, dk_yredelemnul_ordeal,
          minmay_temple_entry_proselytizer, uniq_robin

Skill      XL: |  1  2  3  4 |
---------------+-------------+-----
Shapeshifting  | 3 |  3.3
Fighting       | 2 |  2.5
Dodging        | 3 |  3.4
Unarmed Combat | |  3.9

Action                     |  1- 3 |  4- 6 || total
---------------------------+-------+-------++-------
  Melee: Unarmed           |   107 |    96 ||   203
         Punch             |     2 |     4 ||     6
    Use: Scroll            |       |    12 ||    12
 Armour: Animal skin       |    48 |       ||    48
         Leather armour    |     6 |    35 ||    41
  Dodge: Dodged            |    61 |    56 ||   117

Table legend: (Time is in decaauts)
 A = Elapsed time spent in this place.
 B = Non-inter-level travel time spent in this place.
 C = Inter-level travel time spent in this place.
 D = Time resting spent in this place.
 E = Time spent auto-exploring this place.
 F = Levels seen in this place.
 G = Mean time per level.
                   A        B        C        D        E       F      G
               +--------+--------+--------+--------+--------+-----+--------+
         Total |   3190 |   3018 |    172 |     76 |   2557 |   4 |  797.5 |
       Dungeon |   3190 |   3018 |    172 |     76 |   2557 |   4 |  797.5 |
               +--------+--------+--------+--------+--------+-----+--------+

Top non-repeatable levels by time:
     D:3: 1250 daAuts
     D:1: 1060 daAuts
     D:2: 878 daAuts
     D:4: 1 daAuts
